[Event "Team 45 45 League T51"]
[Site "Internet Chess Club"]
[Date "2011.11.18"]
[Round "2"]
[White "pkktet"]
[Black "civilization"]
[Result "1/2-1/2"]
[WhiteElo "1826"]
[BlackElo "1795"]
[Opening "Sicilian defense"]
[ECO "B40"]
[Time "11:05:24"]
[TimeControl "2700+45"]

1. e4 c5 2. Nf3 e6 3. c3 d5 4. exd5 exd5 5. d4 Nc6 6. dxc5 Bxc5 7. Bd3 Nge7 8.
O-O O-O 9. Nbd2 Bf5 10. Nb3 Bb6 11. Bg5 Qd7 12. Nbd4 Nxd4 13. Nxd4 Bxd3 14. Qxd3
h6 15. Bxe7 Qxe7 16. Nf5 Qd7 17. Qxd5 Rad8 18. Qe5 f6 19. Qe4 Rde8 20. Qg4 Kh7
21. Rad1 Qc7 22. Rfe1 g6 23. Rxe8 Rxe8 24. Nh4 Qf7 25. g3 f5 26. Qf3 Rd8 27. Ng2
Rxd1+ 28. Qxd1 Qxa2 29. Qd7+ Kg8 30. Qe8+ Kg7 31. Nf4 Qf7 32. Qe5+ Qf6 33. Qxf6+
Kxf6 34. Nd5+ Ke5 35. Nxb6 axb6 36. Kf1 Ke4 37. Ke2 g5 38. f3+ Ke5 39. Kd3 b5
40. c4 h5 41. cxb5 f4 42. gxf4+ Kxf4 43. Ke2 g4 44. fxg4 hxg4 45. Kf2 Ke4 46.
Kg3 Kf5 47. Kf2 Kf4 48. Kg2 Ke4 49. Kg3 Kf5 50. Kg2 Ke4 51. Kf2 Kf4 52. Ke2 Ke4
53. b6 Kd4 54. Kf2 Ke4 55. Kg3 Kf5 56. b3 Kg5 57. h4+ gxh3 58. Kxh3 Kf5 59. Kg3
Ke5 60. Kf3 Kd4 61. Kf4 Kc5 62. Ke4 Kxb6 63. Kd4 Kb5 64. Kc3 Kc5 65. b4+ Kd5 66.
Kb3 b5 67. Kc3 Ke4 68. Kc2 Kd4 69. Kb2 Kc4 70. Kc2 Kxb4 71. Kb2 Ka4 72. Ka2 b4
73. Kb2 b3 74. Kb1 Kb4 75. Kb2 Kc4 76. Kb1 Kc3 77. Kc1 b2+ 78. Kb1 Kd2 79. Kxb2
{Game drawn because neither player has mating material} 1/2-1/2

[Event "Team 45 45 League T51"]
[Site "Internet Chess Club"]
[Date "2011.11.18"]
[Round "2"]
[White "oldprez"]
[Black "tryanything"]
[Result "0-1"]
[WhiteElo "1462"]
[BlackElo "1563"]
[Opening "Scotch gambit: Dubois-Réti defense"]
[ECO "C55"]
[Time "18:00:32"]
[TimeControl "2700+45"]

1. e4 e5 2. Nf3 Nc6 3. Bc4 Nf6 4. d4 exd4 5. Nxd4 Bc5 6. Nxc6 bxc6 7. Nc3 O-O 8.
O-O d6 9. e5 Ng4 10. e6 Qh4 11. Bf4 fxe6 12. Bg3 Nxf2 13. Bxf2 Bxf2+ 14. Kh1
Qxc4 15. Qd2 Qd4 16. Qxd4 Bxd4 17. Rxf8+ Kxf8 18. Rf1+ Ke7 19. Ne4 Ba6 20. Rf3
Rf8 21. Rxf8 Kxf8 22. c3 Be5 23. Ng5 Ke7 24. Nxh7 Bf6 25. g3 Kf7 26. h4 Be7 27.
Ng5+ Bxg5 28. hxg5 Kg6 29. Kg2 Kxg5 30. Kf3 d5 31. b3 c5 32. a3 e5 33. c4 dxc4
34. bxc4 Bxc4 35. Ke4 Bb3 36. Kxe5 c4 37. Kd4 Kg4 {White resigns} 0-1

[Event "Team 45 45 League T51"]
[Site "Internet Chess Club"]
[Date "2011.11.20"]
[Round "2"]
[White "nanning"]
[Black "doublepar"]
[Result "1-0"]
[WhiteElo "1507"]
[BlackElo "1508"]
[Opening "Ruy Lopez: closed, Keres (...Nd7) defense"]
[ECO "C96"]
[Time "10:00:28"]
[TimeControl "2700+45"]

1. e4 e5 2. Nf3 Nc6 3. Bb5 a6 4. Ba4 Nf6 5. O-O Be7 6. Re1 b5 7. Bb3 O-O 8. c3
d6 9. h3 Na5 10. Bc2 c5 11. d4 Nd7 12. Nbd2 exd4 13. cxd4 Nc6 14. Nf1 Nb6 15.
Ng3 Re8 16. e5 dxe5 17. Nxe5 Nxd4 18. Bxh7+ Kf8 19. Qh5 Qd5 20. Be4 {Black
resigns} 1-0

[Event "Team 45 45 League T51"]
[Site "Internet Chess Club"]
[Date "2011.11.21"]
[Round "2"]
[White "radiohead"]
[Black "JohLeb"]
[Result "0-1"]
[WhiteElo "1391"]
[BlackElo "1472"]
[Opening "Sicilian"]
[ECO "B54"]
[Time "21:30:26"]
[TimeControl "2700+45"]

1. e4 c5 2. Nf3 d6 3. d4 cxd4 4. Nxd4 e5 5. Nb3 Nf6 6. Nc3 Be6 7. f3 a6 8. Be3
Nc6 9. Qd2 d5 10. exd5 Nxd5 11. Nxd5 Qxd5 12. O-O-O Rd8 13. Qxd5 Rxd5 14. Rxd5
Bxd5 15. Bd3 Be7 16. Kb1 O-O 17. Nd2 Nb4 18. Bc4 b5 19. Bxd5 Nxd5 20. Bf2 Rd8
21. g4 h6 22. Ne4 g5 23. h4 Nf6 24. Nxf6+ Bxf6 25. hxg5 Bxg5 26. a3 Rd2 27. Bc5
Kg7 28. Re1 f6 29. Be3 Bxe3 30. Rxe3 Kg6 31. b4 Kg5 32. Kb2 Kf4 33. Rc3 Rd6 34.
Kb3 f5 35. gxf5 Kxf5 36. a4 Rb6 37. axb5 axb5 38. Rc5 Kf4 39. c4 bxc4+ 40. Kxc4
h5 41. b5 h4 42. Kb4 h3 43. Rc2 Kg3 44. Ka5 Rb8 45. b6 h2 46. Rxh2 Kxh2 47. Ka6
Kg3 48. Ka7 Rxb6 49. Kxb6 Kxf3 50. Kc5 e4 51. Kd4 e3 52. Kd3 Kf2 {White resigns}
0-1

[Event "Team 45 45 League T51"]
[Site "Internet Chess Club"]
[Date "2011.11.20"]
[Round "2"]
[White "jjaillet2007"]
[Black "maliboum"]
[Result "0-1"]
[WhiteElo "1331"]
[BlackElo "1271"]
[Opening "Grünfeld: exchange variation"]
[ECO "D85"]
[Time "20:00:16"]
[TimeControl "2700+45"]

1. d4 Nf6 2. c4 g6 3. Nc3 d5 4. cxd5 Nxd5 5. e4 Nxc3 6. bxc3 c5 7. d5 Bg7 8. Bb2
O-O 9. Bd3 e6 10. Bc4 Qg5 11. Qf3 exd5 12. Bxd5 Na6 13. Rb1 Nc7 14. h4 Qe7 15.
Bc4 b5 16. Bd3 Bb7 17. Ne2 f5 18. Bc2 fxe4 19. Qg3 Be5 20. Qg5 Bf6 21. Qg4 Rae8
22. O-O Bxh4 23. g3 Bf6 24. Nf4 Bc8 25. Qe2 Bg5 26. Bc1 Bxf4 27. Bxf4 Ne6 28.
Be3 a6 29. Bxe4 Bb7 30. Bxb7 Qxb7 31. a4 Ng5 32. f4 Ne4 33. axb5 Nxg3 34. Qc4+
Rf7 35. Kf2 Ne4+ 36. Ke1 axb5 37. Qxb5 Qxb5 38. Rxb5 Nxc3 39. Rxc5 Rxe3+ 40. Kd2
Ne4+ 41. Kxe3 Nxc5 42. Kd4 Ne6+ 43. Ke5 Nxf4 44. Rxf4 Rxf4 45. Kxf4 h6 46. Ke5
Kf7 47. Kf4 Kf6 48. Kg4 h5+ 49. Kh4 Kf5 50. Kg3 g5 51. Kf3 h4 52. Kg2 g4 53. Kf2
Kf4 54. Kg2 Ke3 55. Kf1 Kf3 56. Kg1 h3 57. Kh1 Kf2 58. Kh2 g3+ 59. Kxh3 g2 60.
Kh2 g1=Q+ 61. Kh3 Qg3# {White checkmated} 0-1

[Event "Team 45 45 League T51"]
[Site "Internet Chess Club"]
[Date "2011.11.17"]
[Round "2"]
[White "Constrictor"]
[Black "BrerRabbit"]
[Result "1-0"]
[WhiteElo "1669"]
[BlackElo "1501"]
[Opening "Réti opening"]
[ECO "A05"]
[Time "19:02:10"]
[TimeControl "2700+45"]

1. Nf3 Nf6 2. b4 g6 3. Bb2 Bg7 4. e3 O-O 5. c4 d6 6. d4 b6 7. Be2 Nbd7 8. O-O c5
9. bxc5 bxc5 10. d5 Nb6 11. Nbd2 Bf5 12. Nh4 Bd7 13. Qc2 Rb8 14. Rab1 Qc7 15. f4
Ng4 16. Qd3 Rb7 17. Bxg7 Kxg7 18. h3 Nf6 19. g4 Rfb8 20. g5 Ne8 21. f5 Na4 22.
e4 Rxb1 23. Nxb1 Rb2 24. Qf3 f6 25. fxg6 hxg6 26. Nxg6 Kxg6 27. Qh5+ Kg7 28. g6
f5 29. Qh7+ Kf6 30. Qf7+ Kg5 31. g7 Nf6 32. g8=Q+ Nxg8 33. Qxg8+ Kh6 34. exf5
Bxf5 35. Qf8+ Kg6 36. Qxf5+ Kg7 37. Qg5+ Kh7 38. Rf7+ Kh8 39. Qg7# {Black
checkmated} 1-0

[Event "Team 45 45 League T51"]
[Site "Internet Chess Club"]
[Date "2011.11.20"]
[Round "2"]
[White "dscvdchk"]
[Black "FractalDante"]
[Result "1/2-1/2"]
[WhiteElo "1435"]
[BlackElo "1405"]
[Opening "Bogo-Indian defense"]
[ECO "E11"]
[Time "09:01:09"]
[TimeControl "2700+45"]

1. d4 Nf6 2. c4 e6 3. Nf3 Bb4+ 4. Bd2 Bxd2+ 5. Nbxd2 b6 6. e3 Bb7 7. Bd3 O-O 8.
O-O Na6 9. a3 c5 10. Rc1 Rc8 11. Re1 d5 12. h3 Nb8 13. Ne5 Nbd7 14. Ndf3 Nxe5
15. Nxe5 cxd4 16. exd4 dxc4 17. Nxc4 Kh8 18. Bb1 Qd5 19. Ne3 Qd7 20. Rc3 Rfd8
21. Rd3 Ne4 22. Nf1 Nf6 23. Rd2 Qc6 24. Ne3 Rd6 25. Rc2 Qd7 26. Rxc8+ Bxc8 27.
Nc2 Bb7 28. Qd3 g6 29. Qe3 Kg7 30. Qf4 Bc6 31. Ba2 Bd5 32. b3 Nh5 33. Qe5+ Nf6
34. Nb4 Bb7 35. Nc2 Rd5 36. Qe3 Rd6 37. Qe5 Rd5 38. Qe3 Rd6 {Game drawn by
mutual agreement} 1/2-1/2

[Event "Team 45 45 League T51"]
[Site "Internet Chess Club"]
[Date "2011.11.17"]
[Round "2"]
[White "PsyMar"]
[Black "tc622"]
[Result "1-0"]
[WhiteElo "1363"]
[BlackElo "1239"]
[Opening "Polish (Sokolsky) opening"]
[ECO "A00"]
[Time "14:00:36"]
[TimeControl "2700+45"]

1. b4 d5 2. Bb2 Bf5 3. e3 e6 4. d3 Bxb4+ 5. Nd2 Nf6 6. Be2 c5 7. c3 Ba5 8. d4
cxd4 9. cxd4 Ne4 10. Nf3 Bg4 11. O-O Bxf3 12. Nxf3 O-O 13. Qb3 b6 14. a4 Nd7 15.
Rfd1 Rc8 16. Rac1 Ndf6 17. Ne5 Bd2 18. Rc2 Rxc2 19. Qxc2 Qc8 20. Rxd2 Nxd2 21.
Qxd2 Ne4 22. Qe1 Qc2 23. Nd3 Rc8 24. f3 Nc3 25. Bxc3 Rxc3 26. Nb4 Qc1 27. Qxc1
Rxc1+ 28. Kf2 Ra1 29. Bb5 a6 30. Nxa6 Ra2+ 31. Kg3 f5 32. f4 Kf7 33. Nb8 Ra3 34.
Kf3 h6 35. Nd7 g5 36. fxg5 hxg5 37. Ne5+ Kf6 38. h3 g4+ 39. hxg4 fxg4+ 40. Nxg4+
Kg5 41. Ne5 Kf5 42. g4+ {Black resigns} 1-0

[Event "Team 45 45 League T51"]
[Site "Internet Chess Club"]
[Date "2011.11.18"]
[Round "2"]
[White "mongmong"]
[Black "Tjet"]
[Result "1-0"]
[WhiteElo "1581"]
[BlackElo "1415"]
[Opening "King's Indian: 6.Be2"]
[ECO "E91"]
[Time "20:05:47"]
[TimeControl "2700+45"]

1. d4 d6 2. Nf3 Nf6 3. c4 g6 4. Nc3 Bg7 5. e4 O-O 6. Be2 Bg4 7. Be3 c6 8. O-O
Bxf3 9. Bxf3 Nbd7 10. b4 e5 11. d5 c5 12. Qb3 b6 13. a4 cxb4 14. Qxb4 Nc5 15.
Rfd1 Qd7 16. a5 Rfb8 17. Qb5 bxa5 18. Qxd7 Nfxd7 19. Nb5 Rb6 20. Rxa5 a6 21. Be2
Bf8 22. f3 Rbb8 23. Nc3 Be7 24. Ra3 Bd8 25. Rda1 f6 26. Nb5 Be7 27. Nc7 Ra7 28.
Ne6 Rb2 29. Nxc5 Nxc5 30. Bf1 Kf7 31. R1a2 Rxa2 32. Rxa2 Bd8 33. Bd3 a5 34. Bc2
Rb7 35. Bd2 Ra7 36. Ba4 Nxa4 37. Rxa4 Bb6+ 38. Kf1 h5 39. Ke2 Ke7 40. Be3 Bxe3
41. Kxe3 Kd7 42. h4 Rc7 43. g4 Rc5 44. Kd3 Kc7 45. Ra1 Kb6 46. Rg1 Rc7 47. Rb1+
Ka7 48. Rb5 Rc5 49. Rxc5 dxc5 50. Kc3 Kb6 51. Kb3 Ka6 52. Ka3 Kb6 53. Ka4 Ka6
54. d6 Kb6 55. d7 Kc7 56. Kxa5 Kxd7 57. Kb6 Kd6 58. Kb7 Kd7 59. gxh5 gxh5 60.
Ka7 Kc7 61. Ka6 Kc6 62. Ka5 Kc7 63. Kb5 Kd6 64. Kb6 Ke6 65. Kxc5 f5 66. Kc6 fxe4
67. fxe4 Ke7 68. Kd5 Kf6 69. Kd6 {Black resigns} 1-0

[Event "Team 45 45 League T51"]
[Site "Internet Chess Club"]
[Date "2011.11.19"]
[Round "2"]
[White "cmarler"]
[Black "seattleblues"]
[Result "0-1"]
[WhiteElo "1445"]
[BlackElo "1521"]
[Opening "Caro-Kann: Steinitz variation"]
[ECO "B17"]
[Time "20:01:50"]
[TimeControl "2700+45"]

1. e4 c6 2. d4 d5 3. Nc3 dxe4 4. Nxe4 Nd7 5. Nf3 Ngf6 6. Ng3 e6 7. Bd3 c5 8. c3
cxd4 9. cxd4 Bd6 10. Ne2 Nb6 11. O-O Bd7 12. Bg5 h6 13. Bh4 O-O 14. Rc1 Nbd5 15.
Ne5 Qa5 16. Bb1 Bb5 17. Re1 Bb4 18. Rf1 Rac8 19. Rxc8 Rxc8 20. Bxf6 Nxf6 21. a3
Bd6 22. f4 Nd5 23. Qb3 Bxe2 24. Qxb7 Qc7 25. Qxc7 Rxc7 26. Re1 Ba6 27. g3 Bxe5
28. dxe5 Nb6 29. Rd1 Rc8 30. g4 Nc4 31. Rd7 Nxb2 32. Rxa7 Bd3 33. Ba2 Rc1+ 34.
Kf2 Rc2+ 35. Kg3 Rc8 36. f5 Bc4 37. Bxc4 Nxc4 38. fxe6 fxe6 39. Kf4 Rf8+ 40. Ke4
Rf7 41. Ra8+ Rf8 42. Rxf8+ Kxf8 43. a4 Na5 44. h4 Ke7 45. g5 Nb7 46. Kf4 Kf7 47.
gxh6 gxh6 48. Kg4 Kg6 49. h5+ Kf7 50. Kf4 Ke7 51. Ke3 Kd7 52. Kd4 Kc6 53. Kc4
Kb6 54. Kb4 Kc6 55. Kc4 Nc5 56. a5 Nd7 57. a6 Kb6 58. a7 Kxa7 59. Kb5 Kb7 {White
resigns} 0-1

[Event "Team 45 45 League T51"]
[Site "Internet Chess Club"]
[Date "2011.11.19"]
[Round "2"]
[White "MichaelJames"]
[Black "dpmdpm"]
[Result "1/2-1/2"]
[WhiteElo "1349"]
[BlackElo "1499"]
[Opening "Sicilian: Najdorf, 6...e6"]
[ECO "B95"]
[Time "14:06:37"]
[TimeControl "2700+45"]

1. e4 c5 2. Nf3 d6 3. d4 cxd4 4. Nxd4 Nf6 5. Nc3 a6 6. Bg5 e6 7. Qd2 Be7 8. f4
Qc7 9. O-O-O Nbd7 10. g4 b5 11. Bxf6 Nxf6 12. g5 b4 13. gxf6 bxc3 14. Qxc3 Qxc3
15. bxc3 Bxf6 16. Bc4 Bb7 17. Rhe1 Rc8 18. Bb3 Rxc3 19. Kb2 Rc8 20. e5 dxe5 21.
fxe5 Be7 22. Ba4+ Kf8 23. Rf1 Kg8 24. Bb3 Bd5 25. Rd3 Bxb3 26. axb3 g6 27. Rdf3
Bc5 28. c3 Bxd4 29. cxd4 Rf8 30. h4 h5 31. Ka3 f5 32. exf6 Kf7 33. Ka4 Rd8 34.
Rf4 Rd5 35. Rc1 Rhd8 36. Rc7+ R8d7 37. Rxd7+ Rxd7 38. b4 Rd5 39. Kb3 Rf5 40. Re4
Kxf6 41. Ka4 Ke7 42. Re5 {Game drawn by mutual agreement} 1/2-1/2

[Event "Team 45 45 League T51"]
[Site "Internet Chess Club"]
[Date "2011.11.20"]
[Round "2"]
[White "rgadoury"]
[Black "Conjurer"]
[Result "0-1"]
[WhiteElo "1227"]
[BlackElo "1400"]
[Opening "Queen's pawn game"]
[ECO "A45"]
[Time "15:02:48"]
[TimeControl "2700+45"]

1. d4 Nf6 2. Nc3 e6 3. e4 Bb4 4. Bd3 Bxc3+ 5. bxc3 O-O 6. Ne2 Re8 7. O-O e5 8.
Ng3 d5 9. Bg5 Qd6 10. Bxf6 Qxf6 11. Re1 Nd7 12. exd5 Nb6 13. c4 Bd7 14. dxe5
Rxe5 15. Rxe5 Qxe5 16. Ne4 Nxc4 17. Bxc4 Qxe4 18. Qd3 Bf5 19. Rd1 Re8 20. Kf1
Qe5 21. Qb3 Qxh2 22. f3 Qh1+ 23. Kf2 Qxd1 24. Qc3 Qc1 25. d6 cxd6 26. Bxf7+ Kxf7
27. Qc7+ Re7 28. Qxd6 Qe1# {White checkmated} 0-1

[Event "Team 45 45 League T51"]
[Site "Internet Chess Club"]
[Date "2011.11.20"]
[Round "2"]
[White "zigzag2002"]
[Black "SirIvanhoe"]
[Result "1-0"]
[WhiteElo "1800"]
[BlackElo "1515"]
[Opening "Caro-Kann: exchange, Rubinstein variation"]
[ECO "B13"]
[Time "19:01:04"]
[TimeControl "2700+45"]

1. e4 c6 2. d4 d5 3. exd5 cxd5 4. Bd3 Nf6 5. Bf4 Nc6 6. c3 g6 7. Nd2 Bg7 8. Ngf3
Bg4 9. h3 Bxf3 10. Nxf3 Qb6 11. Qb3 Qxb3 12. axb3 O-O 13. O-O a6 14. Rfe1 e6 15.
Ne5 Nxe5 16. Bxe5 Rac8 17. b4 Nd7 18. Bf4 Nb6 19. Bd6 Rfd8 20. Bc5 Nd7 21. f4
Nxc5 22. bxc5 Re8 23. b4 Ra8 24. Ra5 Rab8 25. Rea1 Bf6 26. Rb1 Re7 27. b5 axb5
28. Raxb5 Rd7 29. Rb6 Bd8 30. R6b3 Ba5 31. c6 Rc7 32. Rxb7 Rbc8 33. Bb5 Bxc3 34.
Rd1 Kg7 35. Kf2 Bb4 36. Ke3 Kf6 37. Ra1 Bd6 38. g4 h6 39. h4 Kg7 40. h5 gxh5 41.
gxh5 Kf6 42. Rb6 Kf5 43. Bd3+ Kf6 44. Bb5 Kf5 45. Bd3+ Kf6 46. Raa6 Ke7 47. Rb7
Kf6 48. Rbb6 Ke7 49. Kf3 Kf6 50. Bb5 Kf5 51. Ra1 Bxf4 52. Bd3+ Kg5 53. Rg1+ Kxh5
54. Kxf4 Rxc6 55. Rh1# {Black checkmated} 1-0

[Event "Team 45 45 League T51"]
[Site "Internet Chess Club"]
[Date "2011.11.18"]
[Round "2"]
[White "LeanSixSigma"]
[Black "chesschessboy"]
[Result "0-1"]
[WhiteElo "1406"]
[BlackElo "1325"]
[Opening "Scotch gambit"]
[ECO "C44"]
[Time "19:06:43"]
[TimeControl "2700+45"]

1. e4 e5 2. Nf3 Nc6 3. d4 exd4 4. Bc4 Bc5 5. Ng5 Nh6 6. Bxf7+ Nxf7 7. Nxf7 Kxf7
8. Qh5+ g6 9. Qxc5 d6 10. Qg5 Qxg5 11. Bxg5 Re8 12. f3 d5 13. Nd2 dxe4 14. Nxe4
Bf5 15. O-O Bxe4 16. fxe4+ Kg8 17. Rfe1 Re6 18. Bf4 Rae8 19. Bxc7 Rxe4 20. Rxe4
Rxe4 21. a3 Re2 22. Rc1 Ne7 23. Kf1 d3 24. cxd3 Rxb2 25. Bd6 Nf5 26. Rc8+ Kf7
27. Rf8+ Ke6 28. Rxf5 Kxf5 29. d4 Ke4 30. Be7 Rb1+ 31. Kf2 Kxd4 32. Bf6+ Kc4 33.
h4 Rb3 {White resigns} 0-1

[Event "Team 45 45 League T51"]
[Site "Internet Chess Club"]
[Date "2011.11.20"]
[Round "2"]
[White "iceface"]
[Black "drsigmund1"]
[Result "1-0"]
[WhiteElo "1551"]
[BlackElo "1369"]
[Opening "French: advance, Paulsen attack"]
[ECO "C02"]
[Time "19:00:06"]
[TimeControl "2700+45"]

1. e4 e6 2. d4 d5 3. e5 c5 4. c3 Nc6 5. Nf3 Qb6 6. Be2 cxd4 7. cxd4 Bb4+ 8. Nc3
Nh6 9. Bxh6 gxh6 10. O-O Be7 11. Na4 Qa5 12. a3 b5 13. Qc1 Bd7 14. Nc5 Qb6 15.
b4 a5 16. Qxh6 Bf8 17. Qf6 Rg8 18. Ng5 Rxg5 19. Qxg5 Nxd4 20. Bh5 Qd8 21. Qg8
Qe7 22. Rac1 Nc6 23. f4 axb4 24. Nb7 bxa3 25. Bxf7+ Qxf7 26. Nd6+ Kd8 27. Qxf7
a2 28. Qxf8+ {Black resigns} 1-0

[Event "Team 45 45 League T51"]
[Site "Internet Chess Club"]
[Date "2011.11.20"]
[Round "2"]
[White "lawth3"]
[Black "Joeohio"]
[Result "0-1"]
[WhiteElo "1151"]
[BlackElo "1464"]
[Opening "QGD: Semi-Tarrasch, 5.cd"]
[ECO "D41"]
[Time "10:00:04"]
[TimeControl "2700+45"]

1. d4 d5 2. c4 Nf6 3. Nf3 e6 4. Nc3 c5 5. cxd5 exd5 6. e3 Nc6 7. dxc5 Bxc5 8.
Qc2 O-O 9. Bd3 Nb4 10. Qd2 Nxd3+ 11. Qxd3 Re8 12. O-O Bg4 13. Nd4 Re5 14. Bd2
Rh5 15. h3 Qb8 16. e4 dxe4 17. Nxe4 Bf5 18. f3 Qe5 19. Nxf6+ Qxf6 20. Be3 Bxd3
{White resigns} 0-1

[Event "Team 45 45 League T51"]
[Site "Internet Chess Club"]
[Date "2011.11.20"]
[Round "2"]
[White "PsyMar"]
[Black "otib2006"]
[Result "1-0"]
[WhiteElo "1374"]
[BlackElo "1232"]
[Opening "Sicilian"]
[ECO "B56"]
[Time "11:00:27"]
[TimeControl "2700+45"]

1. e4 c5 2. Nf3 d6 3. d4 cxd4 4. Nxd4 Nf6 5. Nc3 e5 6. Nf3 Be7 7. Bc4 O-O 8. O-O
Nc6 9. Be3 Bg4 10. Qd2 Bxf3 11. gxf3 Na5 12. Bb3 Nxb3 13. axb3 a6 14. Kh1 b5 15.
Rg1 Kh8 16. b4 Qd7 17. f4 Qb7 18. f3 Rfd8 19. Nd5 Nxd5 20. exd5 exf4 21. Bxf4
Bf6 22. c3 Qd7 23. Bg5 Qf5 24. Bxf6 Qxf3+ 25. Qg2 Qxf6 26. Raf1 Qg6 27. Qf3 Qf6
28. Qxf6 gxf6 29. Rxf6 Rg8 30. Rxf7 Rxg1+ 31. Kxg1 Rg8+ 32. Kf2 Rg5 33. Ra7 Rxd5
34. Rxa6 Rd2+ 35. Kg3 Rxb2 36. Rxd6 Rc2 37. Rc6 Kg7 38. h4 h5 39. Kf4 Rf2+ 40.
Kg5 Rd2 41. Rg6+ Kh7 42. Kxh5 Rd5+ 43. Rg5 Rd3 44. Rxb5 Rxc3 45. Rc5 Rb3 46. b5
Kg7 47. Kg5 Kf7 48. h5 Rg3+ 49. Kh4 Rb3 50. h6 Kg6 51. Rc6+ Kh7 52. b6 Rb4+ 53.
Kg5 Rb5+ 54. Kf4 Rb4+ 55. Ke5 Rb5+ 56. Kd4 Rb1 57. Kc5 Rc1+ 58. Kb5 Rb1+ 59. Ka6
Ra1+ 60. Kb7 Rb1 61. Kc7 Rf1 62. Rd6 Rc1+ 63. Kd8 Rb1 64. Ke7 Re1+ 65. Re6 Rb1
66. Kf6 Rf1+ 67. Ke7 Rb1 68. Rf6 Re1+ 69. Kf7 Rd1 70. Rf5 Rb1 71. Rf6 Rb2 72.
Re6 Rf2+ 73. Rf6 Rb2 74. Ke8 Re2+ 75. Kd8 Rd2+ 76. Kc8 Rc2+ 77. Kb8 Rd2 78. b7
Rb2 79. Ra6 Re2 80. Rb6 Re8+ 81. Ka7 Re7 82. Ka6 Re8 83. b8=Q Rxb8 84. Rxb8 Kxh6
85. Rg8 Kh7 86. Rg1 {Black resigns} 1-0

[Event "Team 45 45 League T51"]
[Site "Internet Chess Club"]
[Date "2011.11.18"]
[Round "2"]
[White "dpmdpm"]
[Black "Skylab"]
[Result "1-0"]
[WhiteElo "1506"]
[BlackElo "1335"]
[Opening "Sicilian: closed"]
[ECO "B23"]
[Time "16:01:33"]
[TimeControl "2700+45"]

1. e4 c5 2. Nc3 d6 3. g3 e6 4. Bg2 Nf6 5. d3 Be7 6. h3 e5 7. f4 O-O 8. Nf3 Nc6
9. O-O Bd7 10. g4 h6 11. f5 Qb6 12. Kh1 Nd4 13. Rb1 Bc6 14. Ne2 Qc7 15. c3 Nxf3
16. Bxf3 d5 17. exd5 Bxd5 18. Bxd5 Nxd5 19. c4 Nf6 20. Be3 Qc6+ 21. Kg1 Rad8 22.
Qb3 e4 23. Rbd1 exd3 24. Rxd3 Rxd3 25. Qxd3 Rd8 26. Qb3 b6 27. Nf4 Qe4 28. Bc1
Rd7 29. Rd1 Bd6 30. Qd3 Qxd3 31. Rxd3 Bxf4 32. Rxd7 Nxd7 33. Bxf4 a6 34. Kf2 b5
35. cxb5 axb5 36. Ke3 f6 37. b3 Kf7 38. Ke4 Ke7 39. Kd5 Kd8 40. Be3 c4 41. bxc4
bxc4 42. Kxc4 Kc7 43. Kd5 Ne5 44. Bf4 Kb6 45. Bxe5 fxe5 46. Kxe5 Kc6 47. Ke6 Kc5
{Black resigns} 1-0

[Event "Team 45 45 League T51"]
[Site "Internet Chess Club"]
[Date "2011.11.17"]
[Round "2"]
[White "tcianciola"]
[Black "malihini"]
[Result "0-1"]
[WhiteElo "1194"]
[BlackElo "1235"]
[Opening "Queen's Pawn"]
[ECO "B07"]
[Time "19:01:15"]
[TimeControl "2700+45"]

1. d4 d6 2. e4 e5 3. d5 Nf6 4. Nc3 c6 5. Bg5 Be7 6. Nf3 Bg4 7. Bc4 b5 8. Be2 Qc7
9. dxc6 a6 10. Nd5 Qxc6 11. Nxe7 Kxe7 12. Bxf6+ gxf6 13. O-O Qxe4 14. Re1 Qg6
15. h3 Bxh3 16. Nh4 Qg5 17. g3 Rg8 18. Kh2 Bg4 19. Bxg4 Qxg4 20. Qxg4 Rxg4 21.
Nf5+ Ke6 22. Ne3 Rg5 23. Ng2 Nc6 24. c3 d5 25. Rad1 e4 26. f4 Rg6 27. Ne3 Ne7
28. Rf1 f5 29. g4 Rd8 30. gxf5+ Nxf5 31. Nxf5 Kxf5 32. Rg1 Rdg8 33. Rxd5+ Kxf4
34. Rf1+ Ke3 35. Rdd1 Rh6# {White checkmated} 0-1

[Event "Team 45 45 League T51"]
[Site "Internet Chess Club"]
[Date "2011.11.19"]
[Round "2"]
[White "WzeroMN"]
[Black "sere"]
[Result "0-1"]
[WhiteElo "1074"]
[BlackElo "1238"]
[Opening "Sicilian: Hungarian variation"]
[ECO "B34"]
[Time "11:01:02"]
[TimeControl "2700+45"]

1. e4 c5 2. Nf3 g6 3. d4 cxd4 4. Nxd4 Bg7 5. Nc3 Nc6 6. Nxc6 bxc6 7. Be3 Bb7 8.
Qd2 Nf6 9. Bh6 O-O 10. Bxg7 Kxg7 11. O-O-O Rb8 12. h4 Qb6 13. Bc4 Ba6 14. Bb3 c5
15. Na4 Qb5 16. c4 Qc6 17. e5 Ne4 18. Qxd7 Qe6 19. Qxe6 fxe6 20. Rd7 Rxf2 21.
Rxe7+ Kg8 22. Rxe6 Bc8 23. Re1 Bxe6 24. Rxe4 {White resigns} 0-1

[Event "Team 45 45 League T51"]
[Site "Internet Chess Club"]
[Date "2011.11.18"]
[Round "2"]
[White "mattphelps"]
[Black "iwin2"]
[Result "1-0"]
[WhiteElo "1331"]
[BlackElo "1373"]
[Opening "Sicilian: Pelikan (Lasker/Sveshnikov) variation"]
[ECO "B33"]
[Time "19:01:35"]
[TimeControl "2700+45"]

1. e4 c5 2. Nf3 Nc6 3. d4 cxd4 4. Nxd4 Nf6 5. Nc3 e5 6. Nxc6 bxc6 7. Be2 d5 8.
exd5 Nxd5 9. Nxd5 cxd5 10. O-O d4 11. Bd3 Bc5 12. Re1 Qf6 13. f4 Bd6 14. fxe5
Bxe5 15. Qh5 g5 16. Bxg5 Qd6 17. Bf4 Qc6 18. Qxe5+ Kd8 19. Qe7# {Black
checkmated} 1-0

[Event "Team 45 45 League T51"]
[Site "Internet Chess Club"]
[Date "2011.11.20"]
[Round "2"]
[White "Goldenberg"]
[Black "kingsrook"]
[Result "1-0"]
[WhiteElo "1424"]
[BlackElo "1301"]
[Opening "Caro-Kann: Panov-Botvinnik attack, 5...e6"]
[ECO "B14"]
[Time "13:00:30"]
[TimeControl "2700+45"]

1. e4 c6 2. d4 d5 3. exd5 cxd5 4. c4 e6 5. Nc3 Nf6 6. Nf3 Be7 7. Bf4 Nc6 8. cxd5
Nxd5 9. Bg3 O-O 10. Bd3 Qa5 11. Qb3 Rd8 12. O-O Qb4 13. Qc2 Nxd4 14. Nxd4 Qxd4
15. Bxh7+ Kh8 16. Rad1 Qf6 17. Nxd5 exd5 18. Bd3 Be6 19. Qe2 Qg5 20. h4 Qh6 21.
Qf3 Bd6 22. Be2 Bxg3 23. fxg3 Kg8 24. Qf4 Qh8 25. Bg4 Rf8 26. Bxe6 fxe6 27. Qe5
Qh6 28. Rde1 Rae8 29. Rxf8+ Kxf8 30. Qc7 Qd2 31. Qd6+ Kg8 32. Rxe6 Qc1+ 33. Kh2
Qc8 34. Rxe8+ Qxe8 35. Qxd5+ Qf7 36. Qxf7+ Kxf7 37. Kh3 Kf6 38. Kg4 g6 39. Kf4
b6 40. g4 g5+ 41. hxg5+ Kg6 42. Ke4 Kxg5 43. Kf3 a5 44. a3 b5 45. b4 a4 46. Ke4
Kxg4 47. Kd5 Kg3 48. Kc5 Kxg2 49. Kxb5 Kf3 50. Kxa4 Ke4 51. Ka5 Kd5 52. Ka6 Kc4
53. b5 Kc5 54. a4 Kb4 55. b6 Kxa4 56. b7 Kb4 57. b8=Q+ Kc5 58. Qb6+ Kd5 59. Kb5
Ke5 60. Qd8 Ke4 61. Kc5 Ke5 62. Qe8+ Kf4 63. Kd4 Kf5 64. Qe7 Kf4 65. Qf7+ Kg5
66. Ke4 Kg4 67. Qg7+ Kh5 68. Kf4 {Black resigns} 1-0

[Event "Team 45 45 League T51"]
[Site "Internet Chess Club"]
[Date "2011.11.20"]
[Round "2"]
[White "KidRattler"]
[Black "irock2011"]
[Result "1-0"]
[WhiteElo "1262"]
[BlackElo "1304"]
[Opening "English: Carls' Bremen system"]
[ECO "A22"]
[Time "19:07:09"]
[TimeControl "2700+45"]

1. c4 e5 2. Nc3 Nf6 3. g3 Bc5 4. e3 Nc6 5. Bg2 d6 6. Nge2 O-O 7. O-O Be6 8. b3
Qd7 9. d4 Rab8 10. d5 Bh3 11. dxc6 bxc6 12. Ne4 Nxe4 13. Bxe4 Qg4 14. Bxc6 Rbe8
15. Bg2 Re6 16. Nc3 Rh6 17. Qxg4 Bxg4 18. Nd5 Be2 19. Re1 Bd3 20. Nxc7 Bb4 21.
Rd1 Bc2 22. e4 Rh5 23. Rd5 Bc3 24. Bf3 Rh3 25. Bg4 Rxg3+ 26. hxg3 Bxa1 27. Bf3
f5 28. exf5 Bxf5 29. Rxd6 Bd4 30. Bd5+ Kh8 31. Be3 h6 32. Ne6 Rf6 33. Kg2 Bb2
34. Bxa7 Bb1 35. a4 Bc3 36. Bc5 Bc2 37. Kg1 Bxb3 38. Be4 Kg8 39. Bd5 Bxa4 40.
Ng5+ Rf7 41. Bxf7+ Kf8 42. Rd8# {Black checkmated} 1-0

[Event "Team 45 45 League T51"]
[Site "Internet Chess Club"]
[Date "2011.11.21"]
[Round "2"]
[White "joshq03"]
[Black "kjs110"]
[Result "1-0"]
[WhiteElo "1344"]
[BlackElo "1044"]
[Opening "Vienna gambit"]
[ECO "C29"]
[Time "19:01:17"]
[TimeControl "2700+45"]

1. e4 e5 2. Nc3 Nf6 3. f4 d6 4. Bc4 Be7 5. d3 O-O 6. Nf3 Nc6 7. O-O h6 8. f5 a6
9. Nh4 b5 10. Bb3 Kh8 11. Qf3 Nd7 12. g3 Bxh4 13. gxh4 Qxh4 14. Qg2 Na5 15. Rf3
Qe1+ 16. Rf1 Qe3+ 17. Bxe3 Nxb3 18. axb3 f6 19. Nd5 c6 20. Ne7 Bb7 21. Ng6+ Kg8
22. Nxf8 Kxf8 23. c4 {Black resigns} 1-0